 Dungeon Crawl Stone Soup version 0.29-a0-284-gf9362112df (webtiles) character file.

Game seed: 13704077309110444129

5063 bande the Cleaver (level 10, -2/63 HPs)
             Began as a Gargoyle Fighter on Mar 25, 2022.
             Was a Believer of Okawaru.
             Slain by a five-headed hydra (10 damage)
             ... on level 8 of the Dungeon.
             The game lasted 00:17:39 (8800 turns).

bande the Cleaver (Gargoyle Fighter)                Turns: 8800, Time: 00:17:40

Health: -2/63      AC: 26    Str: 27    XL:     10   Next: 56%
Magic:  11/11      EV:  7    Int:  8    God:    Okawaru [**....]
Gold:   395        SH: 12    Dex: 13    Spells: 9/9 levels left

rFire   . . .      SeeInvis .   o - +5 mace of Moral Flaws {vorpal, +Blink rPois}
rCold   . . .      Faith    .   c - +1 buckler
rNeg    + . .      Spirit   .   v - +0 plate armour
rPois   ∞          Reflect  +   (no helmet)
rElec   +          Harm     .   n - +2 cloak
rCorr   .          Rampage  .   f - +0 pair of gloves
Will    .....                   p - +0 pair of boots
Stlth   ..........              m - amulet of reflection
HPRegen 0.20/turn               g - +6 ring of strength
MPRegen 0.12/turn               (no ring)

@: mighty
A: sickness immunity, AC +7, negative energy resistance 1, electricity
resistance, torment resistance 1, petrification resistance
a: Renounce Religion, Evoke Blink, Heroism


You were on level 8 of the Dungeon.
You worshipped Okawaru.
Okawaru was pleased with you.
You visited 2 branches of the dungeon, and saw 10 of its levels.

You collected 395 gold pieces.

Inventory:

Hand Weapons
 a - a +1 war axe of freezing
 o - the +5 mace of Moral Flaws (weapon) {vorpal, +Blink rPois}
   (You found it on level 6 of the Dungeon)

   It inflicts extra damage upon your enemies.
   rPois:     It protects you from poison.
   +Blink:    It lets you blink.
Armour
 c - a +1 buckler (worn)
 f - a +0 pair of gloves (worn)
 n - a +2 cloak (worn)
 p - a +0 pair of boots (worn)
 v - a +0 plate armour (worn)
Jewellery
 g - a +6 ring of strength (left hand)
 m - an amulet of reflection (around neck)
 s - a ring of wizardry
Wands
 w - a wand of paralysis (8)
 A - a wand of polymorph (23)
Scrolls
 e - a scroll of enchant weapon
 q - 3 scrolls of identify
 t - 2 scrolls of magic mapping
 u - a scroll of enchant armour
 y - a scroll of fog {unknown}
 z - a scroll of teleportation
Potions
 b - 2 potions of resistance
 d - a potion of might
 h - 3 potions of invisibility
 i - 4 potions of curing
 j - a potion of flight
 k - 2 potions of brilliance
 l - 2 potions of mutation
 r - a potion of magic
 x - a potion of heal wounds {unknown}
 B - a potion of haste {unknown}


   Skills:
 + Level 7.2 Fighting
 + Level 9.9 Axes
 + Level 7.5 Armour
 - Level 0.4 Stealth
 + Level 7.2 Shields
 * Level 2.5 Invocations
 * Level 2.0 Evocations


You had 9 spell levels left.
You didn't know any spells.
Your spell library contained the following spells:

 Spells                   Type           Power      Damage    Failure   Level
 Freeze                   Ice            0%         1d3       99%         1
 Sting                    Tmut/Pois      0%         1d3       99%         1
 Blink                    Tloc           0%         N/A       100%        2
 Poisonous Vapours        Pois/Air       0%         N/A       100%        2
 Frozen Ramparts          Ice            0%         1d2       100%        3
 Hailstorm                Conj/Ice       0%         3d3       100%        4
 Olgreb's Toxic Radiance  Pois           0%         N/A       100%        4
 Manifold Assault         Tloc           0%         N/A       100%        5
 Storm Form               Tmut/Air       0%         N/A       100%        7


Dungeon Overview and Level Annotations

Branches:
Dungeon (9/15)             Temple (1/1) D:7
   Lair: D:8-11         Orc: D:9-12

Altars:
Ashenzari
Cheibriados
Dithmenos
Elyvilon
Hepliaklqana
Kikubaaqudgha
Makhleb
Okawaru
Qazlal
Ru
Wu Jian
Xom
Yredelemnul
Zin


Innate Abilities, Weirdness & Mutations

You are immune to sickness and miasma.
Your stone body is resilient. (AC +7)
You are immune to poison.
You resist negative energy. (rN+)
You are resistant to electric shocks. (rElec)
You are resistant to unholy torment.
You are immune to petrification.


Message History

The hornet is lightly wounded.
You closely miss the howler monkey. You barely miss the five-headed hydra.
You block the hornet's attack. The howler monkey hits you.
The five-headed hydra bites you but does no damage.
The five-headed hydra bites you!
You block the five-headed hydra's attack.
The five-headed hydra closely misses you.
You block the five-headed hydra's attack.
You block the hornet's attack.
Unknown command.
The howler monkey hoots and howls with incredible vigour!
The hornet barely misses you. You block the hornet's attack.
The hornet stings you but does no damage.
The hornet attacks as you move away! The hornet barely misses you.
You feel very mighty all of a sudden.
You block the five-headed hydra's attack. x2
The five-headed hydra bites you but does no damage. x2
The five-headed hydra bites you!
* * * LOW HITPOINT WARNING * * *
Your +1 war axe of freezing stops glowing.
o - the +5 mace of Moral Flaws (weapon)
{vorpal, +Blink rPois} The five-headed hydra bites you.
* * * LOW HITPOINT WARNING * * *
The five-headed hydra barely misses you.
The five-headed hydra bites you.
* * * LOW HITPOINT WARNING * * *
The five-headed hydra bites you but does no damage.
The five-headed hydra barely misses you.
You sock the five-headed hydra!
The five-headed hydra is moderately wounded.
You block the five-headed hydra's attack.
The five-headed hydra bites you but does no damage. x2
The five-headed hydra bites you.
* * * LOW HITPOINT WARNING * * *
You block the five-headed hydra's attack.
You bludgeon the five-headed hydra!!
The five-headed hydra is heavily wounded.
The five-headed hydra bites you!
You die...

# ##.....................#...# #
####....##..#.............##.# #
.##.....##..#................####
.....#..##..#..........#......##.
....###..............))##........
......#.......##.......##......##
...............##..>..........###
................#Dy.......##.###.
....#...........@#...)[....##....
...............#.#..........#....
.....#.......##..................
..............#.....).......#....
.....##.......#.#................
............).#.#................
.............##.###.........#....
......................##.........
.....#......)).###...............


You could see a five-headed hydra and a hornet.

Vanquished Creatures
  2 two-headed ogres (D:8)
  The ghost of gzilladon the Chopper, an amateur HOMo of Beogh (D:4)
  A hornet (D:9)
  A shadow (D:6)
  6 steam dragons
  An ice beast (D:6)
  2 black bears
  An orc warrior (D:7)
  A sky beast (D:6)
  5 ogres
  A centaur (D:8)
  A phantom (D:5)
  A kobold brigand (D:7)
  2 necrophages
  5 bullfrogs
  4 scorpions
  3 wights (D:6)
  A howler monkey (D:8)
  A jelly (D:4)
  5 hounds
  3 orc priests (D:6)
  8 orc wizards
  An iguana (D:5)
  7 adders
  A shadow imp (D:7)
  A white imp (D:5)
  A worm (D:2)
  5 dart slugs
  19 orcs
  10 endoplasms
  5 giant cockroaches
  12 goblins
  2 hobgoblins
  5 jackals
  5 kobolds
  4 quokkas
  4 ball pythons
  4 bats
  A frilled lizard (D:1)
  7 rats
150 creatures vanquished.

Vanquished Creatures (collateral kills)
  An orc (D:5)
1 creature vanquished.

Vanquished Creatures (others)
  A kobold (D:7)
1 creature vanquished.

Grand Total: 152 creatures vanquished

Notes
Turn   | Place    | Note
-------+----------+-------------------------------------------
     0 | D:1      | bande the Gargoyle Fighter began the quest for the Orb.
     0 | D:1      | Reached XP level 1. HP: 14/14 MP: 1/1
   167 | D:1      | Reached XP level 2. HP: 18/19 MP: 2/2
   171 | D:1      | Reached skill level 2 in Axes
   667 | D:1      | Reached XP level 3. HP: 23/23 MP: 3/3
  1299 | D:2      | Reached XP level 4. HP: 27/29 MP: 4/4
  1676 | D:3      | Reached skill level 3 in Axes
  1895 | D:3      | Found a faded altar of an unknown god.
  2182 | D:4      | Noticed a scorpion
  2190 | D:4      | Killed a scorpion
  2191 | D:4      | Reached skill level 4 in Axes
  2191 | D:4      | Reached XP level 5. HP: 24/33 MP: 5/5
  2212 | D:4      | Found a large runed translucent door.
  2212 | D:4      | Found a large runed translucent door.
  2325 | D:4      | Noticed gzilladon's ghost (amateur HOMo)
  2411 | D:4      | Noticed an ogre
  2415 | D:4      | Reached XP level 6. HP: 34/38 MP: 6/6
  2736 | D:4      | Reached skill level 5 in Axes
  2736 | D:4      | Reached XP level 7. HP: 44/44 MP: 7/7
  3063 | D:4      | Killed gzilladon's ghost
  3277 | D:5      | Entered Level 5 of the Dungeon
  3444 | D:5      | Reached skill level 5 in Fighting
  3444 | D:5      | Reached skill level 6 in Axes
  3543 | D:5      | Reached XP level 8. HP: 49/49 MP: 8/8
  3642 | D:5      | Reached skill level 5 in Armour
  3924 | D:5      | Reached skill level 5 in Shields
  4076 | D:5      | Reached skill level 7 in Axes
  4876 | D:6      | Noticed a shadow
  4886 | D:6      | Killed a shadow
  4887 | D:6      | Reached XP level 9. HP: 41/55 MP: 9/9
  5102 | D:6      | Identified the +5 mace of Moral Flaws {vorpal, +Blink
                  | rPois}
  5247 | D:6      | Reached skill level 8 in Axes
  5751 | D:6      | Found a white marble altar of Elyvilon.
  5808 | D:6      | Found a basalt altar of Yredelemnul.
  6480 | D:7      | Reached skill level 9 in Axes
  6934 | D:7      | Reached XP level 10. HP: 31/61 MP: 10/10
  7543 | D:7      | Found a staircase to the Ecumenical Temple.
  7553 | Temple   | Entered the Ecumenical Temple
  7608 | Temple   | Became a worshipper of Warmaster Okawaru
  8011 | D:8      | Noticed a two-headed ogre
  8022 | D:8      | Killed a two-headed ogre
  8023 | D:8      | Reached skill level 1 in Invocations
  8023 | D:8      | Reached skill level 1 in Evocations
  8047 | D:8      | Reached * piety under Okawaru
  8051 | D:8      | Noticed a two-headed ogre
  8061 | D:8      | Killed a two-headed ogre
  8131 | D:8      | Reached ** piety under Okawaru
  8475 | D:8      | Identified the +3 leather armour "Muzeuf" {Drain Str+6}
  8774 | D:9      | Noticed a four-headed hydra
  8775 | D:9      | Noticed a white ugly thing
  8800 | D:8      | Slain by a five-headed hydra

Illustrated notes

Levels and vault maps discovered:
D:1:      dpeg_arrival_tiny_i, layout_loops_ring, chequers_serial_rivers_large_b
D:2:      layout_basic, grunt_decor_junction
D:3:      layout_rooms, dreamdust_ecumenical_altar_statues, st_stairs_8
D:4:      layout_basic, ebering_ghost_disaster_area, serial_forest,
          infiniplex_forest_lined_3, infiniplex_forest_lined_3_way,
          infiniplex_forest_zigzag_1, infiniplex_forest_straight_3,
          infiniplex_forest_clump_small, infiniplex_forest_join
D:5:      layout_gridville, minmay_statues_item
D:6:      layout_layer_cave, kennysheep_ying_yang
D:7:      cheibrodos_steamvent, layout_basic, minmay_temple_entry_grid
D:8:      layout_cave_pools, palyth_stone_intersect
D:9:      minmay_curly_fans, layout_cross, david_orc_4
Temple:   mainiacjoe_temple_bowtie_tessellation

Skill      XL: |  1  2  3  4  5  6  7  8  9 10 |
---------------+-------------------------------+-----
Axes           | 2 4 5 6 7 9 |  9.9
Armour         | 4 6 7 |  7.5
Fighting       | 4 5 6 7 |  7.2
Shields        | 4 5 6 7 |  7.2
Invocations    | 2 |  2.5
Evocations     | 2 |  2.0
Stealth        | |  0.4

Action                   |  1- 3 |  4- 6 |  7- 9 | 10-12 || total
-------------------------+-------+-------+-------+-------++-------
Melee: War axe           |    72 |    79 |   210 |    48 ||   409
       Mace              |       |       |       |     2 ||     2
  Use: Scroll            |     4 |     3 |    11 |     1 ||    19
       Potion            |       |       |       |     1 ||     1
Armor: Scale mail        |    43 |    24 |       |       ||    67
       Chain mail        |       |     9 |   104 |       ||   113
       Plate armour      |       |       |     7 |    44 ||    51
Dodge: Dodged            |    36 |    37 |    65 |    31 ||   169
Block: Buckler           |    15 |    29 |   122 |    48 ||   214
       Reflection        |       |       |     2 |     2 ||     4

Table legend: (Time is in decaauts)
 A = Elapsed time spent in this place.
 B = Non-inter-level travel time spent in this place.
 C = Inter-level travel time spent in this place.
 D = Time resting spent in this place.
 E = Time spent auto-exploring this place.
 F = Levels seen in this place.
 G = Mean time per level.
                   A        B        C        D        E       F      G
               +--------+--------+--------+--------+--------+-----+--------+
         Total |   8920 |   8833 |     87 |   2374 |   4914 |  10 |  892.0 |
       Dungeon |   8830 |   8761 |     69 |   2374 |   4870 |   9 |  981.1 |
        Temple |     89 |     71 |     18 |      0 |     44 |   1 |   89.0 |
               +--------+--------+--------+--------+--------+-----+--------+

Top non-repeatable levels by time:
     D:7: 1683 daAuts
     D:5: 1467 daAuts
     D:6: 1431 daAuts
     D:4: 1108 daAuts
     D:1: 1067 daAuts
     D:8: 809 daAuts
     D:2: 660 daAuts
     D:3: 526 daAuts
  Temple: 89 daAuts
     D:9: 76 daAuts
